 Dungeon Crawl Stone Soup version 0.32-a0-403-g52729c3 (webtiles) character file.

Game seed: 2188199543869607109

96 Coo2 the Trooper (level 4, -3/35 HPs)
             Began as a Coglin Fighter on Feb 20, 2024.
             Slain by an ogre
             ... wielding a +0 giant club
              (29 damage)
             ... on level 3 of the Dungeon.
             The game lasted 00:05:49 (1559 turns).

Coo2 the Trooper (Coglin Fighter)                   Turns: 1559, Time: 00:05:50

Health: -3/35      AC:  6    Str: 16    XL:     4   Next: 67%
Magic:  4/4        EV:  9    Int:  8    God:
Gold:   103        SH:  5    Dex: 15    Spells: 3/3 levels left

rFire   . . .        a - +0 rapier {Rabni}
rCold   . . .        c - +0 buckler
rNeg    . . .        b - +0 scale mail
rPois   .            (no helmet)
rElec   .            (no cloak)
rCorr   .            (no gloves)
SInv    .            (no boots)
Will    .....        (no amulet) Stlth
                     (no ring)
HPRegen 0.25/turn    (no ring)
MPRegen 0.09/turn

%: no passive effects
@: immotile, revved
A: off-hand wielding, slow wielding, warmup strikes, legs shutdown
a: no special abilities


You were on level 3 of the Dungeon.
You visited 1 branch of the dungeon, and saw 3 of its levels.

You collected 103 gold pieces.

Inventory:

Hand Weapons
 a - a +0 rapier (weapon) {Rabni}
Armour
 b - a +0 scale mail (worn)
 c - a +0 buckler (worn)
Scrolls
 f - a scroll of immolation {unknown}
 g - a scroll of revelation {unknown}
 j - 2 scrolls of amnesia {unknown}
 k - a scroll of silence {unknown}
 o - 2 scrolls of teleportation {unknown}
 p - a scroll of enchant weapon {unknown}
 q - a scroll of fear {unknown}
Potions
 d - a potion of might
 e - a potion of lignification {unknown}
 h - a potion of heal wounds {unknown}
 i - a potion of curing {unknown}
 l - a potion of berserk rage {unknown}
 m - a potion of cancellation {unknown}
 n - 3 potions of degeneration {unknown}


   Skills:
 + Level 3.4 Fighting
 + Level 2.8 Short Blades
 + Level 3.3 Armour
 + Level 0.6 Dodging
 + Level 0.1 Stealth
 + Level 2.5 Shields


You had 3 spell levels left.
You didn't know any spells.
Your spell library contained the following spells:

 Spells                   Type           Power      Damage    Failure   Level
 Cigotuvi's Dreadful Rot  Necr/Alch/Air  0%         N/A       97%         2
 Mercury Vapours          Alch/Air       0%         N/A       97%         2
 Mephitic Cloud           Conj/Alch/Air  0%         N/A       99%         3
 Dispel Undead            Necr           0%         3d6       100%        4
 Martyr's Knell           Necr/Summ      0%         N/A       100%        4
 Freezing Cloud           Conj/Ice/Air   0%         6-21      100%        5
 Death Channel            Necr           0%         N/A       100%        6


Dungeon Overview and Level Annotations

Branches:
Dungeon (3/15)

Altars:


Innate Abilities, Weirdness & Mutations

You can wield a second weapon in your off-hand.
It takes a long time for you to wield or remove held weapons.
Your first few attacks do less damage.
Attacking and casting redirects power from your legs.


Message History

A bat is nearby!
The bat completely misses you.
You hit the bat.
The bat is moderately wounded.
The bat closely misses you.
You are no longer unable to travel.
You block the bat's attack.
You hit the bat.
You kill the bat!
No target in view!
You are no longer unable to travel.
You open the door.
There is an open door here.
Key pressed, stopping explore.
A goblin comes into view. It is wielding a +0 club.
The goblin shouts!
You hear a shout!
A goblin is nearby!
A goblin is nearby!
The goblin unwields a +0 club.
The goblin wields a +0 sling.
The goblin shoots a sling bullet.
The sling bullet closely misses you.
An ogre comes into view. It is wielding a +0 giant club.
The ogre shouts!
The goblin shoots a sling bullet.
The sling bullet hits you but does no damage.
A goblin comes into view. It is wielding a +0 dagger.
The goblin shouts!
You barely miss the goblin.
The goblin unwields a +0 sling.
The goblin wields a +0 club.
The goblin hits you but does no damage.
A kobold comes into view. It is wielding a +0 short sword.
You barely miss the ogre. The goblin closely misses you.
The ogre hits you with a +0 giant club!
You hit the ogre.
The ogre is lightly wounded.
The goblin hits you with a +0 club.
You hit the ogre.
The ogre is moderately wounded.
You block the goblin's attack.
The ogre hits you with a +0 giant club!!
Ouch! That really hurt!
You die...

.. .. .. .# .. .###.
.#### #... ....# ###..#
. .##.### ##....# K..
.##... #.....#####....
.##.######.......O.g..##
................@g......
##......†#..............
##.......#..............
##......................
##.##.####'##########...
......# #......# ##
#.>.#.# #......# #####.#
#......# #####.#
#......#


You could see an ogre, 2 goblins and a kobold.

Vanquished Creatures
  2 adders (D:2)
  A ribbon worm (D:2)
  A dart slug (D:1)
  6 endoplasms
  A giant cockroach (D:2)
  6 goblins
  8 hobgoblins
  2 quokkas (D:2)
  3 ball pythons
  6 bats
  A frilled lizard (D:2)
  A kobold (D:1)
  2 rats (D:1)
40 creatures vanquished.

Notes
Turn   | Place    | Note
-------+----------+-------------------------------------------
     0 | D:1      | Coo2 the Coglin Fighter began the quest for the Orb.
     0 | D:1      | Reached XP level 1. HP: 18/18 MP: 1/1
   145 | D:1      | Reached XP level 2. HP: 15/24 MP: 2/2
   320 | D:1      | Reached XP level 3. HP: 29/29 MP: 3/3
   900 | D:2      | Reached XP level 4. HP: 29/35 MP: 4/4
  1553 | D:3      | Noticed an ogre
  1559 | D:3      | Slain by an ogre

Illustrated notes

Levels and vault maps discovered:
D:1:      minmay_arrival_glassed_features, layout_basic
D:2:      layout_loops_cross
D:3:      layout_basic, eino_curves_03

Skill      XL: |  1  2 |
---------------+-------+-----
Short Blades   | 2 |  2.8
Armour         | 3 |  3.3
Fighting       | |  3.4
Dodging        | |  0.6
Stealth        | |  0.1
Shields        | |  2.5

Action                     |  1- 3 |  4- 6 || total
---------------------------+-------+-------++-------
  Melee: Rapier            |   103 |    65 ||   168
 Armour: Scale mail        |    74 |    40 ||   114
  Dodge: Dodged            |    45 |    32 ||    77
  Block: Buckler           |    19 |    17 ||    36

Table legend: (Time is in decaauts)
 A = Elapsed time spent in this place.
 B = Non-inter-level travel time spent in this place.
 C = Inter-level travel time spent in this place.
 D = Time resting spent in this place.
 E = Time spent auto-exploring this place.
 F = Levels seen in this place.
 G = Mean time per level.
                   A        B        C        D        E       F      G
               +--------+--------+--------+--------+--------+-----+--------+
         Total |   1581 |   1536 |     45 |      0 |   1176 |   3 |  527.0 |
       Dungeon |   1581 |   1536 |     45 |      0 |   1176 |   3 |  527.0 |
               +--------+--------+--------+--------+--------+-----+--------+

Top non-repeatable levels by time:
     D:2: 807 daAuts
     D:1: 627 daAuts
     D:3: 147 daAuts
